AoeStats
← akroman2

QS Arena

503655724Analyzed
1v1 RM · 1mo ago on Sep 1, 2026· 21m 35s· 2 players
Game mode
Random Map
Map size
Tiny (2 player)
Population
200
Speed
Normal
Resources
Standard
Victory
Conquest
Starting age
Dark Age
Ending age
Imperial Age
RankedLock teamsTeams togetherTeam positionsShared explorationLock speedFull tech treeHidden civsTurbo modeCheats
Victory
Defeat
🇷🇺 Malay · Russia
988
+16
🇹🇷 Cumans · Türkiye
992
-16
akroman2
8:25 Feudal Age
13:17 Castle Age
13:05 Loom
14:42 Wheelbarrow
13:56 Double-Bit Axe
17:05 Fletching
VeSinha
4:45 Loom
6:50 Feudal Age
8:25 Double-Bit Axe
Connection lost

Rejoining the realm…

Still unreachable

The connection could not be restored.

Session expired

The server has moved on; the page needs a fresh start.